 Dungeon Crawl Stone Soup version 0.21-a0-178-g0b87683 (webtiles) character file.

4009 MackTheKnife the Cleaver (level 10, -1/79 HPs)
             Began as a Formicid Wanderer on Aug 9, 2017.
             Was an Initiate of Gozag.
             Hit by a stone thrown by a minotaur (12 damage)
             ... in a labyrinth.
             The game lasted 00:18:11 (10632 turns).

MackTheKnife the Cleaver (Formicid Wanderer)       Turns: 10632, Time: 00:18:11

Health: -1/79      AC: 11    Str: 27    XL:     10   Next: 47%
Magic:  19/19      EV: 11    Int:  9    God:    Gozag
Gold:   374        SH:  0    Dex: 13    Spells: 9/9 levels left

rFire    . . .     SeeInvis +   a - +3 battleaxe (flame)
rCold    . . .     Gourm    .   (no shield)
rNeg     . . .     Faith    .   d - +0 ring mail
rPois    .         Spirit   .   (helmet unavailable)
rElec    .         Reflect  .   q - +2 cloak {MR+}
rCorr    .         Harm     .   (no gloves)
MR       ++...                  F - +0 pair of boots
Stlth    ++........             (no amulet)
HPRegen  0.23/turn              k - ring of flight {+Fly, !d}
MPRegen  0.16/turn              w - ring of magical power {MP+9}

@: mighty, lethally poisoned (-1 -> -4)
A: permanent stasis, dig shafts and tunnels, four strong arms, antennae 3,
molten scales 1, thin skeletal structure 1, sense surroundings 1
a: Dig, Shaft Self, Potion Petition, Call Merchant, Bribe Branch, Renounce
Religion, Evoke Flight


You were in a labyrinth.
You worshipped Gozag.
Gozag was aware of your devotion.
You were not hungry.

You visited 2 branches of the dungeon, and saw 10 of its levels.
You also visited: Labyrinth.

You collected 600 gold pieces.
You spent 112 gold pieces at shops.
You paid 114 gold pieces to Gozag.

Inventory:

Hand Weapons
 a - a +3 battleaxe of flaming (weapon)
   (You took it off an orc warrior on level 6 of the Dungeon)
 j - the +10 falchion "Zuchiwk" {speed, *Corrode rF++ rC+++ Str-5}
   (You found it on level 6 of the Dungeon)

   Attacks with this weapon are significantly faster.
   It affects your strength (-5).
   It greatly protects you from fire.
   It renders you almost immune to cold.
   It may corrode you when you take damage.
 y - a +0 falchion of flaming
   (You took it off an orc on level 6 of the Dungeon)
Armour
 d - a +0 ring mail (worn)
   (You found it on level 1 of the Dungeon)
 q - a +2 cloak of magic resistance (worn)
   (You took it off Crazy Yiuf on level 2 of the Dungeon)
 F - a +0 pair of boots (worn)
   (You found it on level 7 of the Dungeon)
Jewellery
 k - a ring of flight (left hand) {+Fly, !d}
   (You found it on level 1 of the Dungeon)
 w - a ring of magical power (right hand) {MP+9}
   (You found it on level 3 of the Dungeon)
Wands
 e - a wand of iceblast (8/15)
   (You found it on level 5 of the Dungeon)
 r - a wand of digging (12/24)
   (You took it off Crazy Yiuf on level 2 of the Dungeon)
 B - a wand of iceblast (5/15)
   (You found it on level 7 of the Dungeon)
 C - a wand of paralysis (22/24)
   (You found it on level 5 of the Dungeon)
 D - a wand of iceblast (4/15)
   (You found it on level 8 of the Dungeon)
Scrolls
 c - a scroll of magic mapping {!r}
 g - a scroll of immolation {!r}
 h - 5 scrolls of remove curse
 v - a scroll of recharging
 x - 2 scrolls of fog
Potions
 b - 3 potions of curing
 i - 4 potions of brilliance
 l - 2 potions of flight
 p - a potion of haste
 t - a potion of ambrosia
 u - a potion of lignification {!q}
 H - a potion of invisibility {unknown}
Comestibles
 f - 2 bread rations {@e1}
 m - a meat ration {@e2}
 n - 5 royal jellies
 o - 4 fruits


   Skills:
 + Level 7.5 Fighting
 + Level 12.7 Axes
 - Level 1.0 Throwing
 - Level 1.1 Armour
 - Level 1.7 Dodging
 - Level 2.4 Stealth


You had 9 spell levels left.
You didn't know any spells.

Dungeon Overview and Level Annotations

Branches:
Dungeon (11/15)            Temple (1/1) D:7
   Lair: D:8-11         Orc: D:9-12

Altars:
Ashenzari
Cheibriados
Dithmenos
Elyvilon
Fedhas
Gozag
Hepliaklqana
Kikubaaqudgha
Makhleb
Nemelex Xobeh
Okawaru
Qazlal
Ru
Trog
Uskayaw
Vehumet
Wu Jian
Xom
Yredelemnul
Zin
The Shining One

Shops:
D:7 ((}?

Annotations:
D:8 CarbonWolf's ghost, novice MiBe


Innate Abilities, Weirdness & Mutations

You cannot be hasted, slowed, berserked, paralysed or teleported.
You can dig through walls and to a lower floor.
Your four strong arms can wield two-handed weapons with a shield.
You have a pair of large antennae on your head. (SInv)
You are partially covered in molten scales. (AC +2)
You have a somewhat thin skeletal structure. (Dex +2, Stealth)
You passively map a small area around you.


Message History

Unknown command.
Unknown command.
Unknown command.
Unknown command.
Unknown command.
You feel sick.
You take 1 damage, and have 74/79 hp.
You feel sick.
You take 1 damage, and have 74/79 hp.
You feel sick.
You take 1 damage, and have 74/79 hp.
You feel sick.
You are no longer poisoned.
You take 1 damage, and have 74/79 hp.
Health restored: 79 You hear the creaking of ancient gears!
You are feeling very hungry.
You hear an odd grinding sound!
Okay, then.
You hear the creaking of ancient gears!
You are near starving!
You eat one of the 3 bread rations {@e1}.
That bread ration really hit the spot!
You extend your mandibles.
You dig through the rock wall.
You dig through the rock wall.
You retract your mandibles.
You extend your mandibles.
You dig through the rock wall.
You can't dig through that.
You extend your mandibles.
You can't dig through that.
You extend your mandibles.
You dig through the rock wall.
You retract your mandibles.
You hear an odd grinding sound!
Unknown command.
Quiver which item? (- for none, * to show all) (? for menu, Esc to quit)
Quivering
E - a throwing net {=f, !d} for throwing.
A minotaur comes into view. It is wielding a demon blade of venom.
The minotaur bellows!
Aim: a minotaur, wielding a demon blade of venom
Okay, then.
Here: a minotaur, wielding a demon blade of venom The floor.
Aim: a minotaur, wielding a demon blade of venom You throw a throwing net {=f, !d}.
The throwing net {=f, !d} barely misses the minotaur.
The minotaur throws a stone.
The stone hits you but does no damage.
Aim: a minotaur, wielding a demon blade of venom (chance to defeat MR: 15%)
Okay, then.
Okay, then.
Okay, then.
As you read the scroll of identify, it crumbles to dust.
l - 2 potions of flight The minotaur throws a stone.
The stone hits you!!
You take 19 damage, and have 60/79 hp.
MASSIVE DAMAGE!!
As you read the scroll of identify, it crumbles to dust.
s - a potion of heal wounds
As you read the scroll of identify, it crumbles to dust.
z - a potion of might You feel very mighty all of a sudden.
The minotaur hits you with a demon blade of venom!!
You are poisoned.
The minotaur gores you.
You take 34 damage, and have 27/79 hp.
MASSIVE DAMAGE!!
Okay, then.
Okay, then.
Unknown command.
Okay, then.
You feel better.
The minotaur hits you with a demon blade of venom!!
* * * LOW HITPOINT WARNING * * *
You are poisoned.
The minotaur gores you!
* * * LOW HITPOINT WARNING * * *
You take 25 damage, and have 2/79 hp.
MASSIVE DAMAGE!!
Okay, then.
Okay, then.
You feel much better.
You feel sick. The minotaur closely misses you.
The minotaur gores you but does no damage.
You regained 23 hp, and now have 25/79 hp.
Okay, then.
You barely miss the minotaur.
The minotaur furiously retaliates!
The minotaur headbutts you!
* * * LOW HITPOINT WARNING * * *
You feel sick.
You take 12 damage, and have 13/79 hp.
Unknown command.
Okay, then.
You feel sick.
The minotaur throws a stone.
The stone hits you but does no damage.
You see here a stone.
You take 1 damage, and have 12/79 hp.
You feel sick.
The minotaur throws a stone.
The stone hits you!
You die...
Your body crumbles into a pile of gold.

# # # .. # # .
.. . .. . .
### ..# .. #
#. # . # #
#.#.####### #
.
#.#.......#..#
. ##
#.###@###.#..#
#.H.(...#.#. #
#.#######.#..#
# # . #.#..
..#. .. # .#
#H#.#####.#..
# . . # ( #.#.
...#. ... #.
.. ###.. ### #
.###. . . #
#... .. . #. #
###########.
#. #


You could see a minotaur.

Vanquished Creatures
  A hornet (D:6)
  2 hippogriffs
  A water moccasin (D:7)
  An orc warrior (D:6)
  A black bear (D:6)
  2 sky beasts
  4 ogres
  3 phantoms
  5 centaurs
  Blork the orc (D:4)
  A gnoll sergeant (D:8)
  2 bullfrogs
  A scorpion (D:5)
  4 killer bees (D:6)
  5 wights (D:6)
  3 howler monkeys (D:8)
  2 quasits
  2 bullfrog zombies (D:5)
  2 orc priests
  2 hounds (D:6)
  A jelly (D:5)
  A gnoll shaman (D:8)
  2 orc wizards
  Crazy Yiuf (D:2)
  3 iguanas
  4 bullfrog skeletons
  Terence (D:2)
  7 worker ants
  A worker ant zombie (D:8)
  19 gnolls
  12 adders
  A shadow imp (D:8)
  An ooze (D:3)
  An adder skeleton (D:6)
  3 worms
  2 dart slugs
  6 leopard geckos
  16 orcs
  A ball python (D:3)
  8 bats
  9 giant cockroaches
  7 goblins
  3 hobgoblins
  15 jackals
  4 kobolds
  7 quokkas
  11 frilled lizards
  8 rats
200 creatures vanquished.

Notes
Turn   | Place    | Note
-------+----------+-------------------------------------------
     0 | D:1      | MackTheKnife the Formicid Wanderer began the quest for the Orb.
     0 | D:1      | MackTheKnife set off with: a +2 hand axe, 2 potions of curing, a +0 robe, a +0 dagger, a bread ration {@e1}
     0 | D:1      | Reached XP level 1. HP: 18/18 MP: 1/1
   189 | D:1      | Reached XP level 2. HP: 15/24 MP: 2/2
   189 | D:1      | Reached skill level 2 in Axes
   595 | D:1      | Reached XP level 3. HP: 24/29 MP: 3/3
   757 | D:1      | Reached skill level 3 in Axes
  1261 | D:2      | Reached XP level 4. HP: 26/35 MP: 4/4
  1343 | D:2      | Noticed Terence
  1385 | D:2      | Killed Terence
  1385 | D:2      | Reached skill level 4 in Axes
  1543 | D:2      | Reached XP level 5. HP: 13/41 MP: 5/5
  1865 | D:2      | Found a snail-covered altar of Cheibriados.
  1876 | D:2      | Found a bloodstained altar of Trog.
  2510 | D:2      | Found a runed door.
  2674 | D:2      | Noticed Crazy Yiuf
  2683 | D:2      | Reached skill level 5 in Axes
  2690 | D:2      | Killed Crazy Yiuf
  2857 | D:2      | Reached XP level 6. HP: 14/47 MP: 6/6
  3221 | D:3      | Gained mutation: You are partially covered in molten scales. (AC +2) [potion of mutation]
  3221 | D:3      | Gained mutation: You have a somewhat thin skeletal structure. (Dex +2, Stealth) [potion of mutation]
  3221 | D:3      | Gained mutation: You passively map a small area around you. [potion of mutation]
  3242 | D:3      | Reached skill level 6 in Axes
  3493 | D:3      | Found an ornate altar of the Wu Jian Council.
  3557 | D:3      | Reached XP level 7. HP: 42/52 MP: 7/7
  3573 | D:3      | Found a basalt altar of Yredelemnul.
  3703 | D:3      | Found a white marble altar of Elyvilon.
  4215 | D:4      | Noticed Blork the orc
  4228 | D:4      | Killed Blork the orc
  4228 | D:4      | Reached skill level 7 in Axes
  4561 | D:4      | Found an iron altar of Okawaru.
  4561 | D:4      | Found an opulent altar of Gozag.
  4561 | D:4      | Found a shadowy altar of Dithmenos.
  4766 | D:5      | Entered Level 5 of the Dungeon
  4988 | D:5      | Reached skill level 8 in Axes
  5249 | D:5      | Reached XP level 8. HP: 48/58 MP: 8/8
  5283 | D:5      | Found a sacrificial altar of Ru.
  5369 | D:5      | Reached skill level 9 in Axes
  5625 | D:5      | HP: 12/58 [bullfrog skeleton/exploding inner flame[the player character] (36)]
  6104 | D:5      | Reached skill level 4 in Fighting
  6213 | D:6      | Found a sparkling altar of Nemelex Xobeh.
  6395 | D:6      | Noticed a hornet
  6406 | D:6      | Reached skill level 5 in Fighting
  6412 | D:6      | Killed a hornet
  6412 | D:6      | Reached XP level 9. HP: 39/69 MP: 9/9
  6744 | D:6      | Reached skill level 10 in Axes
  6754 | D:6      | Reached skill level 6 in Fighting
  6778 | D:6      | Got a dazzling falchion
  6781 | D:6      | Identified the +10 falchion "Zuchiwk" {speed, *Corrode rF++ rC+++ Str-5} (You found it on level 6 of the Dungeon)
  7604 | D:7      | Noticed a hippogriff
  7619 | D:7      | Killed a hippogriff
  7619 | D:7      | Reached skill level 11 in Axes
  7981 | D:7      | Found Mampufra's Gadget Shoppe.
  7996 | D:7      | Found a blossoming altar of Fedhas.
  8014 | D:7      | Found Juow's Weapon Boutique.
  8043 | D:7      | Found a stormy altar of Qazlal.
  8101 | D:7      | Reached XP level 10. HP: 73/77 MP: 10/10
  8193 | D:7      | Found Siubb's Magic Scroll Emporium.
  8201 | D:7      | Bought a scroll of enchant armour for 112 gold pieces
  8233 | D:7      | Found a staircase to the Ecumenical Temple.
  8242 | Temple   | Entered the Ecumenical Temple
  8452 | D:5      | Reached skill level 12 in Axes
  8554 | D:4      | Became a worshipper of Gozag Ym Sagoz the Greedy
  8795 | D:7      | Found Nuef's Weapon Emporium.
  9113 | D:8      | Reached skill level 7 in Fighting
  9564 | D:8      | Noticed CarbonWolf's ghost (novice MiBe)
  9574 | D:8      | HP: 14/79 [troll (10)]
  9575 | D:8      | HP: 5/79 [troll (4)]
  9576 | D:8      | You fall through a shaft for 3 floors!
  9920 | D:11     | Noticed a two-headed ogre
  9949 | D:11     | Found a labyrinth entrance.
  9958 | Lab      | Entered a labyrinth
 10332 | Lab      | p0werm0de: haha starving formicid witout a shield
 10339 | Lab      | MackTheKnife: :D
 10354 | Lab      | p0werm0de: and in ring mail
 10358 | Lab      | p0werm0de: ;D
 10402 | Lab      | p0werm0de: you can dig the outer walls
 10402 | Lab      | MackTheKnife: really?
 10416 | Lab      | MackTheKnife: wow
 10419 | Lab      | p0werm0de: ~~
 10561 | Lab      | p0werm0de: !
 10592 | Lab      | p0werm0de: +14 large shield incoming
 10592 | Lab      | MackTheKnife: check out that falchion
 10592 | Lab      | MackTheKnife: :P
 10592 | Lab      | p0werm0de: that falchion as double sword
 10592 | Lab      | p0werm0de: ;D
 10592 | Lab      | MackTheKnife: yea
 10592 | Lab      | MackTheKnife: such a shit base wpon
 10607 | Lab      | p0werm0de: or triple for you ;D
 10621 | Lab      | Noticed a minotaur
 10628 | Lab      | p0werm0de: ;D
 10628 | Lab      | MackTheKnife: just
 10628 | Lab      | HP: 13/79 [minotaur/demon blade of venom (25)]
 10628 | Lab      | HP: 2/79 [minotaur/demon blade of venom (11)]
 10629 | Lab      | p0werm0de: ownd
 10629 | Lab      | MackTheKnife: ahaha
 10632 | Lab      | Hit by a stone thrown by a minotaur

Vault maps used:
D:1:      dpeg_arrival_arbitrary_c, serial_forest, infiniplex_forest_straight_1,
          infiniplex_forest_straight_3, infiniplex_forest_lined_3,
          infiniplex_forest_diagonal
D:2:      chequers_temple_overflow_statue_of_worship, serial_glass,
          glass_columns_c, glass_columns_b, minmay_misc_feat_room,
          cheibrodos_gnoll_hut, uniq_terence, uniq_crazy_yiuf_cottage
D:3:      kennysheep_ying_yang, overflow_temple_1_default
D:4:      gammafunk_temple_overflow_forgotten, first_bread, uniq_blork_the_orc
D:5:      kennysheep_mini_moat
D:6:      wad_river_or_something, lemuel_crystal_altar,
          kennysheep_generic_room_5
D:7:      grunt_temple_overflow_forces_of_nature, temple_hall, serial_shops,
          nicolae_shop_competitors_out_of_business, nicolae_shop_behind_doors,
          nicolae_shop_trees, kennysheep_little_box
D:8:      hangedman_cross_veins
D:11:     lab_entry_generic, grunt_ogre_cave, grunt_ministairs_2
Temple:   nicolae_temple_figure_zero
Lab:      labyrinth_mini_lab, labyrinth_glass_1, nicolae_lab_swirl

Skill      XL: |  1  2  3  4  5  6  7  8  9 10 |
---------------+-------------------------------+-----
Axes           | 2 3 4 5 6 8 9 11 12 | 12.7
Fighting       | 5 6 7 |  7.5
Throwing       | |  1.0
Armour         | |  1.1
Dodging        | |  1.7
Stealth        | |  2.4

Action                   |  1- 3 |  4- 6 |  7- 9 | 10-12 || total
-------------------------+-------+-------+-------+-------++-------
Melee: Hand axe          |   101 |   177 |    49 |       ||   327
       War axe           |       |       |   138 |       ||   138
       Battleaxe         |       |       |   120 |    82 ||   202
Throw: Throwing net      |       |       |       |     1 ||     1
 Abil: Dig               |       |     2 |     3 |     7 ||    12
       Shaft Self        |       |       |       |     1 ||     1
Evoke: Wand              |       |       |     4 |       ||     4
  Use: Potion            |       |     2 |       |     3 ||     5
       Scroll            |       |     6 |    13 |     5 ||    24
 Stab: Sleeping          |       |     1 |     8 |     3 ||    12
       Distracted        |       |       |     1 |     2 ||     3
       Paralysed         |       |       |     7 |       ||     7
  Eat: Chunk             |     1 |     7 |    11 |     2 ||    21
       Bread ration      |       |       |     1 |     2 ||     3
Armor: Ring mail         |    38 |    57 |   129 |    44 ||   268
Dodge: Dodged            |    69 |   110 |   170 |    69 ||   418

Vault maps used:
D:1:      dpeg_arrival_arbitrary_c, serial_forest, infiniplex_forest_straight_1,
          infiniplex_forest_straight_3, infiniplex_forest_lined_3,
          infiniplex_forest_diagonal
D:2:      chequers_temple_overflow_statue_of_worship, serial_glass,
          glass_columns_c, glass_columns_b, minmay_misc_feat_room,
          cheibrodos_gnoll_hut, uniq_terence, uniq_crazy_yiuf_cottage
D:3:      kennysheep_ying_yang, overflow_temple_1_default
D:4:      gammafunk_temple_overflow_forgotten, first_bread, uniq_blork_the_orc
D:5:      kennysheep_mini_moat
D:6:      wad_river_or_something, lemuel_crystal_altar,
          kennysheep_generic_room_5
D:7:      grunt_temple_overflow_forces_of_nature, temple_hall, serial_shops,
          nicolae_shop_competitors_out_of_business, nicolae_shop_behind_doors,
          nicolae_shop_trees, kennysheep_little_box
D:8:      hangedman_cross_veins
D:11:     lab_entry_generic, grunt_ogre_cave, grunt_ministairs_2
Temple:   nicolae_temple_figure_zero
Lab:      labyrinth_mini_lab, labyrinth_glass_1, nicolae_lab_swirl

Table legend:
 A = Turns spent in this place as a percentage of turns spent in the entire game.
 B = Non-inter-level travel turns spent in this place as a percentage of non-inter-level travel turns spent in the entire game.
 C = Inter-level travel turns spent in this place as a percentage of turns spent in this place.
 D = Turns resting spent in this place as a percentage of non-inter-level travel turns spent in this place.
 E = Turns spent auto-exploring this place as a percentage of non-inter-level travel turns spent in this place.
 F = Non-inter-level travel turns spent in this place divided by the number of levels of this place that you've seen.
                   A       B       C       D       E      F
               +-------+-------+-------+-------+-------+----------------------
         Total | 100.0 | 100.0 |   0.5 |   2.0 |   9.4 | 303.3
       Dungeon |  77.4 |  77.4 |   0.6 |   2.6 |  11.9 | 286.8
        Temple |   0.4 |   0.4 |   7.7 |   0.0 |  66.7 |  12.0
     Labyrinth |  22.2 |  22.3 |   0.0 |   0.0 |   0.0 | 743.0
               +-------+-------+-------+-------+-------+----------------------

Table legend:
 A = Kills in this place as a percentage of kills in entire the game.
 B = Kills by you in this place as a percentage of kills by you in the entire game.
 C = Kills by friends in this place as a percentage of kills by friends in the entire game.
 D = Other kills in this place as a percentage of other kills in the entire game.
 E = Experience gained in this place as a percentage of experience gained in the entire game.
 F = Experience gained in this place divided by the number of levels of this place that you have seen.
                   A       B       C       D       E      F
               +-------+-------+-------+-------+-------+----------------------
         Total | 100.0 | 100.0 |  -nan |  -nan | 100.0 | 520.7
       Dungeon | 100.0 | 100.0 |  -nan |  -nan | 100.0 | 636.4
               +-------+-------+-------+-------+-------+----------------------
